APP
MIAMI (APP) MARLINS @ SAN FRANCISCO (APP) GIANTS
09/26/2044
 
TOP OF THE 1ST
Miami (APP) Marlins batting - Pitching for San Francisco (APP) Giants : RHP Rick Madden
Pitching: RHP Rick Madden
Batting: RHB Adrian Bocker 0-0: Swinging Strike
0-1: Ball
1-1: Foul Ball, location: 2F
1-2: Ball
2-2: SINGLE (Groundball, 6MD, EV 105.0 MPH)
Batting: RHB Jason Thrash 0-0: Fielders Choice at 2nd, 4-6 (Groundball, 34, EV 83.1 MPH)
Batting: RHB Mario Cota 0-0: Called Strike
0-1: Ball
1-1: Called Strike
1-2: Foul Ball, location: 2F
1-2: Ball
2-2: SINGLE (Line Drive, 8RM, EV 96.2 MPH)
Jason Thrash to second
Batting: SHB Matt Moore 0-0: Ball
1-0: Ball
2-0: Fly out, F8 (Line Drive, 8LD, EV 87.5 MPH)
Batting: RHB Keith Bennett 0-0: Swinging Strike
0-1: Foul Ball, location: 2F
0-2: Foul Ball, location: 2F
0-2: Foul Ball, location: 2F
0-2: Ball
1-2: Ball
2-2: Foul Ball, location: 2F
2-2: Foul Ball, location: 2F
2-2: Strikes out looking
Top of the 1st over - 0 runs, 2 hits, 0 errors, 2 left on base; Miami (APP) 0 - San Francisco (APP) 0
BOTTOM OF THE 1ST
San Francisco (APP) Giants batting - Pitching for Miami (APP) Marlins : RHP Adam Brown
Pitching: RHP Adam Brown
Batting: RHB Frank Pena 0-0: Ball
1-0: Ground out 5-3 (Groundball, 5S, EV 69.4 MPH)
Batting: RHB Jeremy Bailey 0-0: Ball
1-0: Called Strike
1-1: Ball
2-1: Ball
3-1: Base on Balls
Pitching: RHP Matt Alexander
Batting: RHB Teruhide Horiuchi 0-0: Fly out, F5 (Line Drive, 5, EV 66.9 MPH)
Batting: RHB Bill Defazio 0-0: Ball
Jeremy Bailey steals 2nd base
1-0: Called Strike
1-1: Called Strike
1-2: Ball
Wild Pitch!
Jeremy Bailey to third
2-2: Ball
3-2: Base on Balls
Batting: RHB Pedro Quezada 0-0: Foul Ball, location: 2F
0-1: SINGLE (Groundball, 6S, EV 68.1 MPH) (infield hit)
Jeremy Bailey scores
Bill Defazio to second
Batting: RHB John Tyra 0-0: Called Strike
0-1: Called Strike
0-2: Ball
1-2: Foul Ball, location: 2F
1-2: Foul Ball, location: 2F
1-2: Ball
2-2: Ball
3-2: Base on Balls
Bill Defazio to third
Pedro Quezada to second
Batting: RHB Ed Broomhead 0-0: Ball
1-0: Ball
2-0: Fielders Choice at 2nd, 6-4 (Groundball, 6, EV 108.8 MPH)
Bottom of the 1st over - 1 run, 1 hit, 0 errors, 3 left on base; Miami (APP) 0 - San Francisco (APP) 1
TOP OF THE 2ND
Miami (APP) Marlins batting - Pitching for San Francisco (APP) Giants : RHP Rick Madden
Batting: RHB Rick Knoblauch 0-0: Called Strike
0-1: Ground out 6-3 (Groundball, 6M, EV 101.9 MPH)
Batting: LHB Gavrilo Brkic 0-0: Ball
1-0: Foul Ball, location: 2F
1-1: Swinging Strike
1-2: Strikes out swinging
Batting: LHB Melvin Castro 0-0: Called Strike
0-1: Ball
1-1: Ball
2-1: Foul Ball, location: 2F
2-2: Strikes out swinging
Top of the 2nd over - 0 runs, 0 hits, 0 errors, 0 left on base; Miami (APP) 0 - San Francisco (APP) 1
BOTTOM OF THE 2ND
San Francisco (APP) Giants batting - Pitching for Miami (APP) Marlins : RHP Matt Alexander
Pitching: LHP Tyler Murders
Batting: RHB David Andrews 0-0: Ball
1-0: Ball
2-0: Ball
3-0: Base on Balls
Batting: RHB Alexis Andrade 0-0: Called Strike
0-1: Ball
1-1: SINGLE (Groundball, 6MD, EV 102.5 MPH)
David Andrews to second
Batting: RHB Frank Pena 0-0: Ball
1-0: Ball
2-0: Ball
3-0: Base on Balls
David Andrews to third
Alexis Andrade to second
Batting: RHB Jeremy Bailey 0-0: Called Strike
0-1: Ball
1-1: Foul Ball, location: 2F
1-2: Ball
2-2: Strikes out swinging
Batting: RHB Teruhide Horiuchi 0-0: Ball
1-0: Called Strike
1-1: DOUBLE (Line Drive, 89M, EV 99.4 MPH)
David Andrews scores
Alexis Andrade scores
Frank Pena to third
Runner from 3rd tries for Home, SAFE, no throw by RF
Batting: RHB Bill Defazio 0-0: Ball
1-0: Called Strike
1-1: Ground out 4-3 (Groundball, 4, EV 102.5 MPH)
Teruhide Horiuchi to third
Batting: RHB Pedro Quezada 0-0: Ball
1-0: Fly out, F8 (Flyball, 89XD, EV 93.1 MPH)
Bottom of the 2nd over - 3 runs, 2 hits, 0 errors, 1 left on base; Miami (APP) 0 - San Francisco (APP) 4
TOP OF THE 3RD
Miami (APP) Marlins batting - Pitching for San Francisco (APP) Giants : RHP Rick Madden
Batting: LHB Bryan Wedge 0-0: Foul Ball, location: 2F
0-1: Foul Ball, location: 2F
0-2: Strikes out swinging
Batting: RHB Adrian Bocker 0-0: Ball
1-0: Called Strike
1-1: Ball
2-1: Called Strike
2-2: Strikes out swinging
Batting: RHB Jason Thrash 0-0: Called Strike
0-1: Hit by Pitch
Batting: RHB Mario Cota 0-0: Called Strike
0-1: Ball
1-1: Called Strike
1-2: Strikes out swinging
Top of the 3rd over - 0 runs, 0 hits, 0 errors, 1 left on base; Miami (APP) 0 - San Francisco (APP) 4
BOTTOM OF THE 3RD
San Francisco (APP) Giants batting - Pitching for Miami (APP) Marlins : LHP Tyler Murders
Batting: RHB John Tyra 0-0: Ball
1-0: Ball
2-0: Ball
3-0: Base on Balls
Batting: RHB Ed Broomhead 0-0: Called Strike
0-1: Called Strike
0-2: Ball
1-2: SINGLE (Groundball, 34D, EV 98.1 MPH)
John Tyra to second
Runner from 2nd tries for 3rd, SAFE, throw by RF made to third
Batting: RHB David Andrews 0-0: Ball
1-0: 3-RUN HOME RUN (Flyball, 9D, EV 98.1 MPH), Distance : 384 ft
Batting: RHB Alexis Andrade 0-0: Ball
1-0: Foul Ball, location: 2F
1-1: Foul Ball, location: 2F
1-2: Foul Ball, location: 2F
1-2: Foul Ball, location: 2F
1-2: Strikes out swinging
Batting: RHB Frank Pena 0-0: DOUBLE (Line Drive, 3D, EV 104.4 MPH)
Batting: RHB Jeremy Bailey 0-0: Ball
1-0: Foul Ball, location: 2F
1-1: Ground out 1-3 (Groundball, 15S, EV 66.9 MPH)
Batting: RHB Teruhide Horiuchi 0-0: SINGLE (Groundball, 6MD, EV 98.1 MPH)
Frank Pena to third
Runner from 3rd tries for Home, SAFE, throw by CF to home
Batting: RHB Bill Defazio 0-0: SINGLE (Flyball, 9LS, EV 91.9 MPH)
Teruhide Horiuchi to second
Batting: RHB Pedro Quezada 0-0: Ball
1-0: Ball
2-0: Ball
3-0: Called Strike
3-1: Base on Balls
Teruhide Horiuchi to third
Bill Defazio to second
Batting: RHB John Tyra 0-0: Ball
1-0: Ball
2-0: Foul Ball, location: 2F
2-1: SINGLE (Groundball, P, EV 86.9 MPH) (infield hit)
Teruhide Horiuchi scores
Bill Defazio to third
Pedro Quezada to second
Pitching: RHP Jeremy Akande
Batting: RHB Ed Broomhead 0-0: Foul Ball, location: 2F
0-1: Called Strike
0-2: Ball
1-2: Ball
2-2: DOUBLE (Line Drive, 78D, EV 102.5 MPH)
Bill Defazio scores
Pedro Quezada scores
John Tyra to third
Batting: RHB David Andrews 0-0: Called Strike
0-1: Foul Ball, location: 2F
0-2: Foul Ball, location: 2F
0-2: Foul Ball, location: 2F
0-2: Foul Ball, location: 2F
0-2: Ball
1-2: Strikes out swinging
Bottom of the 3rd over - 7 runs, 7 hits, 0 errors, 2 left on base; Miami (APP) 0 - San Francisco (APP) 11
TOP OF THE 4TH
Miami (APP) Marlins batting - Pitching for San Francisco (APP) Giants : RHP Rick Madden
Batting: SHB Matt Moore 0-0: Called Strike
0-1: Foul Ball, location: 2F
0-2: Strikes out swinging
Batting: RHB Keith Bennett 0-0: Ball
1-0: SINGLE (Groundball, 6MD, EV 100.6 MPH)
Batting: RHB Rick Knoblauch 0-0: Fly out, F8 (Line Drive, 8LM, EV 86.2 MPH)
Batting: LHB Gavrilo Brkic 0-0: Called Strike
0-1: Foul Ball, location: 2F
0-2: Ball
1-2: Ball
2-2: Ball
3-2: Strikes out swinging
Top of the 4th over - 0 runs, 1 hit, 0 errors, 1 left on base; Miami (APP) 0 - San Francisco (APP) 11
BOTTOM OF THE 4TH
San Francisco (APP) Giants batting - Pitching for Miami (APP) Marlins : RHP Jeremy Akande
Batting: RHB Alexis Andrade 0-0: Ball
1-0: Ball
2-0: Foul Ball, location: 2F
2-1: Ball
3-1: Base on Balls
Batting: RHB Frank Pena 0-0: Called Strike
0-1: Ball
1-1: Ball
2-1: Ball
3-1: Base on Balls
Alexis Andrade to second
Pitching: LHP Mike Wasson
Batting: RHB Jeremy Bailey 0-0: Reached on error, E3 (Groundball, 34S, EV 85.0 MPH)
Alexis Andrade to third
Frank Pena to second
Batting: RHB Teruhide Horiuchi 0-0: Called Strike
0-1: Ball
1-1: Called Strike
1-2: SINGLE (Line Drive, 6D, EV 105.0 MPH)
Alexis Andrade scores
Frank Pena to third
Jeremy Bailey to second
Runner from 3rd tries for Home, SAFE, throw by CF to home
Batting: RHB Bill Defazio 0-0: Foul Ball, location: 2F
0-1: Ball
1-1: Ball
2-1: Ball
3-1: Foul Ball, location: 2F
3-2: Base on Balls
Jeremy Bailey to third
Teruhide Horiuchi to second
Batting: RHB Pedro Quezada 0-0: Called Strike
0-1: SINGLE (Line Drive, 5D, EV 103.1 MPH)
Jeremy Bailey scores
Teruhide Horiuchi to third
Bill Defazio to second
Runner from 3rd tries for Home, SAFE, throw by LF to home
Batting: RHB John Tyra 0-0: Fly out, F7 (Flyball, 7, EV 91.2 MPH)
Batting: RHB Ed Broomhead 0-0: Called Strike
0-1: SINGLE (Groundball, 34D, EV 98.1 MPH)
Bill Defazio to third
Pedro Quezada to second
Batting: RHB David Andrews 0-0: Ball
1-0: Called Strike
1-1: Ball
2-1: Foul Ball, location: 2F
2-2: Hit by Pitch
Bill Defazio scores
Pedro Quezada to third
Ed Broomhead to second
Batting: RHB Alexis Andrade 0-0: Called Strike
0-1: Ball
1-1: GRAND SLAM HOME RUN (Flyball, 7D, EV 100.0 MPH), Distance : 385 ft
Batting: RHB Frank Pena 0-0: Ball
1-0: Ball
2-0: Ball
3-0: Called Strike
3-1: Base on Balls
Batting: RHB Jeremy Bailey 0-0: Called Strike
0-1: Swinging Strike
0-2: Strikes out swinging
Batting: RHB Teruhide Horiuchi 0-0: Called Strike
0-1: Foul Ball, location: 2F
0-2: Foul Ball, location: 2F
0-2: Ball
1-2: Strikes out swinging
Bottom of the 4th over - 9 runs, 4 hits, 1 error, 1 left on base; Miami (APP) 0 - San Francisco (APP) 20
TOP OF THE 5TH
Miami (APP) Marlins batting - Pitching for San Francisco (APP) Giants : RHP Rick Madden
Batting: LHB Melvin Castro 0-0: Called Strike
0-1: Swinging Strike
0-2: Strikes out looking
Batting: LHB Bryan Wedge 0-0: Swinging Strike
0-1: Called Strike
0-2: Strikes out swinging
Batting: RHB Adrian Bocker 0-0: Foul Ball, location: 2F
0-1: Called Strike
0-2: Ball
1-2: Ball
2-2: Strikes out swinging
Top of the 5th over - 0 runs, 0 hits, 0 errors, 0 left on base; Miami (APP) 0 - San Francisco (APP) 20
BOTTOM OF THE 5TH
San Francisco (APP) Giants batting - Pitching for Miami (APP) Marlins : LHP Mike Wasson
Batting: RHB Bill Defazio 0-0: Fly out, F2 (Popup, 2RF, EV 93.8 MPH)
Batting: RHB Pedro Quezada 0-0: SINGLE (Groundball, 34, EV 96.2 MPH)
Batting: RHB John Tyra 0-0: Called Strike
0-1: Ball
1-1: Ball
2-1: Ball
3-1: Base on Balls
Pedro Quezada to second
Batting: RHB Ed Broomhead 0-0: Fielders Choice at 2nd, 6-4 (Groundball, 56, EV 98.8 MPH)
Pedro Quezada to third
Batting: RHB David Andrews 0-0: Ground out U3 (Groundball, 3S, EV 72.5 MPH)
Bottom of the 5th over - 0 runs, 1 hit, 0 errors, 2 left on base; Miami (APP) 0 - San Francisco (APP) 20
TOP OF THE 6TH
Miami (APP) Marlins batting - Pitching for San Francisco (APP) Giants : RHP Rick Madden
Batting: RHB Jason Thrash 0-0: Called Strike
0-1: Ball
1-1: Swinging Strike
1-2: Ground out 5-3 (Groundball, 56, EV 83.8 MPH)
Batting: RHB Mario Cota 0-0: Ground out 3-1 (Groundball, 34, EV 87.5 MPH)
Batting: SHB Matt Moore 0-0: Ball
1-0: Foul Ball, location: 2F
1-1: Foul Ball, location: 2F
1-2: Ball
2-2: Ball
3-2: Ground out 2-3 (Groundball, 2L, EV 70.0 MPH)
Top of the 6th over - 0 runs, 0 hits, 0 errors, 0 left on base; Miami (APP) 0 - San Francisco (APP) 20
BOTTOM OF THE 6TH
San Francisco (APP) Giants batting - Pitching for Miami (APP) Marlins : LHP Mike Wasson
Batting: RHB Alexis Andrade 0-0: Swinging Strike
0-1: Called Strike
0-2: Fly out, F9 (Flyball, 9LM, EV 78.1 MPH)
Batting: RHB Frank Pena 0-0: Foul Ball, location: 2F
0-1: Called Strike
0-2: Fly out, F7 (Line Drive, 7D, EV 93.8 MPH)
Batting: RHB Jeremy Bailey 0-0: Ball
1-0: Ball
2-0: Called Strike
2-1: Ball
3-1: Foul Ball, location: 2F
3-2: Foul Ball, location: 2F
3-2: Base on Balls
Batting: RHB Teruhide Horiuchi 0-0: SINGLE (Line Drive, 78M, EV 98.8 MPH)
Jeremy Bailey to second
Batting: RHB Bill Defazio 0-0: Called Strike
0-1: Swinging Strike
0-2: Ball
1-2: Strikes out swinging
Bottom of the 6th over - 0 runs, 1 hit, 0 errors, 2 left on base; Miami (APP) 0 - San Francisco (APP) 20
TOP OF THE 7TH
Miami (APP) Marlins batting - Pitching for San Francisco (APP) Giants : RHP Rick Madden
Batting: RHB Keith Bennett 0-0: Called Strike
0-1: Foul Ball, location: 2F
0-2: Strikes out swinging
Batting: RHB Rick Knoblauch 0-0: Ball
1-0: Foul Ball, location: 2F
1-1: Called Strike
1-2: Strikes out swinging
Batting: LHB Gavrilo Brkic 0-0: Swinging Strike
0-1: Ball
1-1: Called Strike
1-2: Strikes out looking
Top of the 7th over - 0 runs, 0 hits, 0 errors, 0 left on base; Miami (APP) 0 - San Francisco (APP) 20
BOTTOM OF THE 7TH
San Francisco (APP) Giants batting - Pitching for Miami (APP) Marlins : LHP Mike Wasson
Batting: RHB Pedro Quezada 0-0: SINGLE (Groundball, 56D, EV 106.2 MPH)
Batting: RHB John Tyra 0-0: Called Strike
0-1: Called Strike
0-2: Ball
1-2: Strikes out swinging
Batting: RHB Ed Broomhead 0-0: Fielders Choice at 2nd, 6-4 (Groundball, 6, EV 100.0 MPH)
Batting: RHB David Andrews 0-0: Called Strike
0-1: Foul Ball, location: 2F
0-2: Ball
1-2: Ball
2-2: Foul Ball, location: 2F
2-2: Ball
3-2: Base on Balls
Ed Broomhead to second
Batting: RHB Alexis Andrade 0-0: Ball
1-0: Swinging Strike
1-1: Called Strike
1-2: Strikes out looking
Bottom of the 7th over - 0 runs, 1 hit, 0 errors, 2 left on base; Miami (APP) 0 - San Francisco (APP) 20
TOP OF THE 8TH
Miami (APP) Marlins batting - Pitching for San Francisco (APP) Giants : RHP Rick Madden
Batting: LHB Melvin Castro 0-0: Called Strike
0-1: Ball
1-1: Called Strike
1-2: Foul Ball, location: 2F
1-2: Foul Ball, location: 2F
1-2: Foul Ball, location: 2F
1-2: Foul Ball, location: 2F
1-2: Strikes out swinging
Pitching: RHP Nick McDade
Batting: LHB Bryan Wedge 0-0: Called Strike
0-1: Called Strike
0-2: Ball
1-2: Ball
2-2: Strikes out swinging
Batting: RHB Adrian Bocker 0-0: Ball
1-0: Called Strike
1-1: Foul Ball, location: 2F
1-2: Ball
2-2: Foul Ball, location: 2F
2-2: Foul Ball, location: 2F
2-2: Ball
3-2: DOUBLE (Line Drive, 78D, EV 103.8 MPH)
Batting: RHB Jason Thrash 0-0: Called Strike
0-1: Ball
1-1: Swinging Strike
1-2: Foul Ball, location: 2F
1-2: Foul Ball, location: 2F
1-2: Ball
2-2: Strikes out looking
Top of the 8th over - 0 runs, 1 hit, 0 errors, 1 left on base; Miami (APP) 0 - San Francisco (APP) 20
BOTTOM OF THE 8TH
San Francisco (APP) Giants batting - Pitching for Miami (APP) Marlins : LHP Mike Wasson
Batting: RHB Frank Pena 0-0: Ball
1-0: Reached on error, E3 (Groundball, 34S, EV 80.0 MPH)
Batting: RHB Jeremy Bailey 0-0: Ball
1-0: Foul Ball, location: 2F
1-1: Ground out 3-1 (Groundball, 34S, EV 81.2 MPH)
Frank Pena to third
Batting: RHB Teruhide Horiuchi 0-0: Reached on error, E5 (Groundball, 56S, EV 93.1 MPH)
Frank Pena scores
Batting: RHB Bill Defazio 0-0: Foul Ball, location: 2F
0-1: TRIPLE (Flyball, 78XD, EV 92.5 MPH)
Teruhide Horiuchi scores
Batting: RHB Pedro Quezada 0-0: SINGLE (Groundball, 6MD, EV 108.8 MPH)
Bill Defazio scores
Batting: RHB John Tyra 0-0: Foul Ball, location: 2F
0-1: Fielders Choice at 2nd, 5-4 (Groundball, 56, EV 78.1 MPH)
Batting: RHB Ed Broomhead 0-0: Foul Ball, location: 2F
0-1: Ball
1-1: Called Strike
1-2: Strikes out swinging
Bottom of the 8th over - 3 runs, 2 hits, 2 errors, 1 left on base; Miami (APP) 0 - San Francisco (APP) 23
TOP OF THE 9TH
Miami (APP) Marlins batting - Pitching for San Francisco (APP) Giants : RHP Nick McDade
Batting: RHB Mario Cota 0-0: Called Strike
0-1: Ground out 1-3 (Groundball, 15S, EV 71.2 MPH)
Batting: SHB Matt Moore 0-0: Foul Ball, location: 2F
0-1: Swinging Strike
0-2: Ball
1-2: Foul Ball, location: 2F
1-2: Strikes out swinging
Batting: RHB Keith Bennett 0-0: Foul Ball, location: 2F
0-1: Called Strike
0-2: Strikes out looking
Top of the 9th over - 0 runs, 0 hits, 0 errors, 0 left on base; Miami (APP) 0 - San Francisco (APP) 23
Thursday, March 31st , 2022 - OOTP Baseball 22.12 Build 89